AoeStats
← Ano

Black Forest

507149992Analyzed
4v4 RM · 16d ago on Sep 16, 2026· 68m 30s· 8 players
Game mode
Random Map
Map size
Large (8 player)
Population
200
Speed
Normal
Resources
Standard
Victory
Conquest
Starting age
Dark Age
Ending age
Imperial Age
RankedLock teamsTeams togetherTeam positionsShared explorationLock speedFull tech treeHidden civsTurbo modeCheats
Victory
Defeat
🇿🇦 Byzantines · South Africa
689
+14
🇺🇸 Mongols · United States
664
+15
🇵🇪 Franks · Peru
654
+16
🇦🇷 Lithuanians · Argentina
588
+19
🇪🇪 Franks · Estonia
721
-18
🇲🇽 Teutons · Mexico
702
-18
🇺🇸 Celts · United States
613
-15
🇨🇦 Khmer · Canada
569
-13
Ano
13:00 Feudal Age
13:29 Double-Bit Axe
15:43 Man-at-Arms
16:23 Gold Mining
18:50 Loom
18:53 Town Watch
21:36 Horse Collar
27:04 Castle Age
28:12 Long Swordsman
28:27 Crossbowman
29:16 Thumb Ring
33:36 Heavy Plow
41:50 Pikeman
Misifu
1:31 Loom
13:30 Feudal Age
18:39 Castle Age
18:10 Double-Bit Axe
24:29 Gold Mining
30:37 Imperial Age
30:29 Wheelbarrow
31:07 Bow Saw
31:30 Hand Cart
31:12 Stone Mining
35:14 Gold Shaft Mining
37:16 Caravan
39:35 Chemistry
38:56 Ballistics
38:28 Town Watch
38:39 Cavalier
39:22 Husbandry
39:34 Scale Barding Armor
39:41 Forging
40:22 Conscription
40:04 Chivalry
40:45 Chain Barding Armor
40:30 Paladin
43:18 Iron Casting
44:23 Plate Barding Armor
45:00 Blast Furnace
57:34 Siege Engineers
mmontemurro99
1:16 Loom
16:42 Feudal Age
20:56 Wheelbarrow
22:05 Double-Bit Axe
22:25 Horse Collar
23:29 Gold Mining
23:33 Stone Mining
26:54 Castle Age
27:27 Forging
27:23 Scale Barding Armor
28:33 Caravan
29:15 Heavy Plow
30:00 Stone Shaft Mining
30:50 Bloodlines
30:41 Husbandry
32:16 Fervor
33:05 Hand Cart
37:12 Hill Forts
38:06 Redemption
40:21 Bow Saw
43:53 Imperial Age
42:19 Treadmill Crane
42:50 Fortified Wall
43:02 Ballistics
43:56 Iron Casting
44:51 Cavalier
45:57 Chain Barding Armor
46:45 Paladin
49:57 Town Watch
50:53 Plate Barding Armor
51:22 Chemistry
50:33 Masonry
52:36 Crop Rotation
53:22 Sanctity
53:10 Devotion
52:48 Elite Leitis
55:04 Murder Holes
55:41 Architecture
56:11 Tower Shields
56:35 Conscription
56:52 Hoardings
Hondkop
0:59 Loom
12:37 Feudal Age
16:56 Castle Age
28:25 Horse Collar
28:33 Double-Bit Axe
35:10 Imperial Age
33:34 Caravan
36:45 Wheelbarrow
38:34 Bow Saw
38:18 Gold Mining
38:18 Stone Mining
37:50 Elite Skirmisher
38:24 Fletching
38:44 Forging
38:35 Scale Mail Armor
38:41 Scale Barding Armor
38:36 Padded Archer Armor
39:47 Thumb Ring
40:45 Chemistry
40:05 Ballistics
39:26 Treadmill Crane
39:57 Fortified Wall
39:43 Murder Holes
39:48 Bodkin Arrow
41:36 Light Cavalry
42:17 Husbandry
42:36 Leather Archer Armor
42:36 Chain Mail Armor
42:57 Iron Casting
42:43 Chain Barding Armor
43:21 Gold Shaft Mining
43:22 Stone Shaft Mining
43:50 Two-Man Saw
42:55 Heavy Plow
43:13 Hand Cart
44:27 Heavy Camel Rider
44:28 Hussar
45:45 Bombard Tower
44:58 Pikeman
45:24 Gambesons
45:40 Squires
45:25 Arson
48:56 Plate Mail Armor
49:01 Plate Barding Armor
48:57 Ring Archer Armor
48:28 Bracer
48:58 Conscription
48:50 Logistica
48:01 Elite Cataphract
53:56 Halberdier
59:37 Crop Rotation
60:58 Coinage
60:39 Guilds
60:57 Capped Ram
62:33 Siege Ram
boxenoxen
0:33 Loom
14:09 Feudal Age
18:36 Gold Mining
18:39 Stone Mining
24:43 Castle Age
22:41 Double-Bit Axe
27:06 Pikeman
27:32 Arson
27:33 Gambesons
29:05 Gold Shaft Mining
29:09 Stone Shaft Mining
30:40 Wheelbarrow
29:50 Town Watch
30:20 Elite Skirmisher
31:18 Forging
31:09 Scale Mail Armor
32:09 Hand Cart
32:20 Town Patrol
34:53 Horse Collar
36:40 Bow Saw
39:37 Imperial Age
36:50 Treadmill Crane
37:21 Fortified Wall
37:07 Murder Holes
37:22 Masonry
37:33 Ballistics
38:10 Iron Casting
37:50 Chain Mail Armor
40:26 Husbandry
39:48 Halberdier
40:34 Caravan
41:47 Blast Furnace
40:54 Scale Barding Armor
40:50 Padded Archer Armor
40:40 Fletching
41:21 Plate Mail Armor
41:18 Siege Engineers
40:59 Arrowslits
43:44 Conscription
43:35 Furor Celtica
43:15 Stronghold
44:01 Hoardings
44:35 Chemistry
44:32 Elite Woad Raider
47:21 Chain Barding Armor
52:52 Onager
56:19 Bodkin Arrow
56:39 Leather Archer Armor
61:44 Heavy Plow
ecc_isc
1:40 Loom
14:24 Feudal Age
16:04 Double-Bit Axe
23:08 Castle Age
21:28 Fletching
24:46 Forging
27:23 Iron Casting
29:09 Gold Mining
29:16 Bodkin Arrow
31:31 Stone Mining
31:54 Bloodlines
37:27 Imperial Age
34:45 Town Watch
35:12 Padded Archer Armor
35:50 Scale Barding Armor
37:01 Leather Archer Armor
36:49 Scale Mail Armor
37:28 Bow Saw
37:56 Ballistics
37:47 Caravan
38:01 Cavalier
40:04 Wheelbarrow
41:49 Two-Man Saw
43:35 Chemistry
42:58 Chain Barding Armor
46:38 Plate Barding Armor
47:04 Blast Furnace
49:44 Ring Archer Armor
51:09 Pikeman
51:52 Halberdier
62:57 Paladin
Skay9275
17:21 Feudal Age
18:41 Double-Bit Axe
25:27 Castle Age
23:22 Horse Collar
23:51 Gold Mining
33:00 Bow Saw
34:03 Heavy Plow
34:41 Gold Shaft Mining
34:13 Stone Mining
42:11 Imperial Age
56:37 Caravan
61:55 Ballistics
62:39 Chemistry
64:42 Elite Battle Elephant
66:22 Heavy Scorpion
kaktusmees
11:03 Feudal Age
12:31 Wheelbarrow
12:22 Double-Bit Axe
15:05 Gold Mining
20:26 Castle Age
20:13 Stone Mining
21:22 Hand Cart
23:20 Gold Shaft Mining
24:57 Bow Saw
26:07 Town Watch
30:52 Imperial Age
28:47 Caravan
28:45 Fletching
29:00 Town Patrol
30:15 Ballistics
30:43 Bodkin Arrow
30:59 Forging
30:50 Scale Mail Armor
30:55 Scale Barding Armor
31:46 Cavalier
32:27 Husbandry
33:27 #83
33:29 Conscription
33:34 Elite Throwing Axeman
36:27 Hoardings
36:45 Paladin
38:48 Iron Casting
38:33 Chain Mail Armor
38:51 Chain Barding Armor
39:24 Siege Engineers
40:51 Blast Furnace
40:06 Fortified Wall
40:32 Masonry
41:20 Murder Holes
41:44 Chivalry
44:32 Plate Mail Armor
44:38 Plate Barding Armor
44:06 Padded Archer Armor
Connection lost

Rejoining the realm…

Still unreachable

The connection could not be restored.

Session expired

The server has moved on; the page needs a fresh start.